Map: Ulrena

Players

메시아 - Winner!

  • Race: Terran Terran
  • League: Diamond

ILLBdA

  • Race: Protoss Protoss
  • League: Diamond

VOD

Have the link to the VOD?

Description

Time

  • Played on: Dec. 29, 2015, 12:11 p.m.
  • Length: 9:05
Show
View Real Time Build Order
Export as new Build Order

메시아 Terran - Winner!

Build Orders:  

Get SALT Encoding   

  12  0:00  SCV  
  13  0:12  SCV  
  14  0:17  Supply Depot  
  14  0:24  SCV  
  15  0:39  SCV  
  15  0:40  Barracks  
  16  0:44  Refinery  
  16  0:51  SCV  
  16  0:54  Refinery  
  17  1:03  SCV  
  18  1:15  SCV  
  19  1:29  Orbital Command  
  19  1:33  Barracks Reactor  
  19  1:35  Supply Depot  
  19  1:56  SCV  
  19  2:01  Factory  
  20  2:08  SCV  
  20  2:10  Reaper x2  
  23  2:21  SCV  
  24  2:33  SCV  
  24  2:34  Supply Depot  
  25  2:42  Marine x2  
  27  2:46  Starport, Widow Mine  
  27  2:49  SCV  
  30  3:04  Marine x2  
  32  3:18  Bunker  
  32  3:19  Bunker  
  31  3:22  Marine  
  31  3:25  Marine  
  31  3:26  Starport Tech Lab  
  30  3:42  Supply Depot, Marine  
  30  3:43  Supply Depot  
  31  3:52  Supply Depot  
  31  4:04  Banshee  
  36  4:16  Cloaking Field  
  36  4:19  Factory Tech Lab  
  34  4:27  Marine  
  35  4:34  SCV  
  36  4:38  Siege Tank  
  36  4:41  Supply Depot  
  39  4:53  Marine  
  39  4:55  Banshee  
  43  5:03  Command Center  
  43  5:14  Marine  
  44  5:21  Siege Tank  
  44  5:25  SCV  
  48  5:32  Marine  
  49  5:54  Hellion, Marine  
  52  5:57  Barracks  
  52  5:58  Raven  
  52  6:00  Barracks  
  54  6:12  Marine  
  55  6:20  Siege Tank  
  55  6:51  Barracks Reactor x2  
  55  6:52  Stimpack, Starport Reactor  
  55  6:53  Orbital Command  
  55  6:59  Siege Tank, Barracks  
  55  7:00  Barracks  
  58  7:02  Supply Depot  
  58  7:03  Supply Depot  
  58  7:04  Engineering Bay  
  58  7:12  SCV  
  56  7:16  Marauder  
  56  7:19  SCV  
  59  7:24  SCV  
  59  7:28  Marine x4  
  64  7:31  SCV  
  64  7:36  SCV  
  69  7:38  Supply Depot  
  69  7:42  Medivac x2  
  69  7:43  SCV  
  74  7:48  SCV  
  74  7:49  Barracks Tech Lab  
  72  7:55  Marine x2  
  72  7:56  Marauder x2, Marine x2  
  80  7:58  Factory Reactor  
  80  8:00  SCV x2  
  82  8:09  Marauder  
  82  8:12  SCV x2  
  86  8:18  Marauder x2  
  86  8:19  Refinery x2  
  90  8:24  SCV x2  
  92  8:33  Marauder  
  94  8:42  Supply Depot, Marauder x2, Marine  
  94  8:45  Supply Depot  
Show
View Real Time Build Order
Export as new Build Order

ILLBdA Protoss 

Build Orders: 1 Gate Expand 

Get SALT Encoding   

  12  0:01  Probe (Chrono Boost)  
  13  0:11  Probe (Chrono Boost)  
  14  0:19  Pylon  
  14  0:22  Probe (Chrono Boost)  
  15  0:37  Probe (Chrono Boost)  
  15  0:39  Gateway  
  15  0:42  Assimilator  
  16  0:48  Probe (Chrono Boost)  
  17  0:58  Probe (Chrono Boost)  
  18  1:09  Probe (Chrono Boost)  
  19  1:20  Nexus  
  19  1:24  Probe (Chrono Boost)  
  20  1:33  Cybernetics Core  
  20  1:37  Probe (Chrono Boost)  
  21  1:43  Assimilator  
  21  1:47  Probe (Chrono Boost)  
  22  1:56  Pylon  
  22  1:58  Probe (Chrono Boost)  
  23  2:14  Probe (Chrono Boost), Adept  
  26  2:15  Warp Gate  
  26  2:25  Mothership Core (Chrono Boost)  
  28  2:33  Probe (Chrono Boost)  
  29  2:38  Robotics Facility  
  29  2:42  Probe  
  29  2:43  Probe  
  30  3:03  Pylon x2  
  30  3:04  Pylon  
  30  3:11  Pylon  
  30  3:14  Stalker (Chrono Boost)  
  32  3:26  Observer (Chrono Boost)  
  31  3:36  Pylon  
  31  3:40  Pylon  
  31  3:44  Stalker  
  31  3:46  Warp Prism (Chrono Boost)  
  34  4:22  Nexus  
  34  4:30  Probe  
  35  4:37  Stalker  
  37  4:43  Probe  
  37  4:44  Probe  
  40  4:46  Observer (Chrono Boost)  
  40  4:53  Probe  
  40  4:56  Probe  
  42  5:14  Probe  
  42  5:17  Observer (Chrono Boost)  
  43  5:22  Stalker  
  43  5:23  Probe  
  43  5:26  Probe  
  44  5:33  Probe  
  42  5:36  Probe  
  42  5:38  Probe  
  42  5:39  Immortal (Chrono Boost)  
  42  5:52  Probe  
  42  5:53  Probe  
  43  5:58  Stalker, Probe  
  43  6:03  Probe  
  46  6:05  Pylon  
  46  6:06  Probe  
  46  6:09  Probe  
  46  6:22  Robotics Bay  
  45  6:27  Probe x2  
  45  6:28  Probe  
  47  6:38  Probe x2  
  49  6:40  Probe  
  50  6:48  Probe x2  
  50  6:52  Probe  
  53  6:59  Probe x2  
  55  7:05  Probe  
  55  7:09  Probe x2  
  55  7:11  Disruptor (Chrono Boost)  
  60  7:17  Probe  
  60  7:20  Gateway, Probe  
  62  7:23  Gateway, Probe  
  62  7:24  Pylon  
  62  7:29  Probe  
  64  7:30  Probe  
  64  7:31  Pylon  
  64  7:34  Probe  
  66  7:40  Assimilator  
  66  7:41  Probe, Assimilator  
  66  7:43  Twilight Council  
  67  7:47  Disruptor (Chrono Boost)  
  67  7:50  Probe  
  70  7:54  Probe  
  70  7:57  Stalker  
  70  7:58  Probe  
  74  8:02  Probe  
  76  8:11  Probe  
  77  8:17  Probe  
  77  8:18  Pylon  
  78  8:28  Probe  
  78  8:30  Forge  
  78  8:32  Stalker x2, Pylon  
  83  8:36  Probe  
  84  8:42  Gateway  
  84  8:43  Gateway  
  84  8:52  Pylon  
Tags
 
Matchup
PvT
Replay Pack
me
Add a new tag
Caveats
  • Supply blocks, unpowered buildings, or Contaminate may cause inaccurate times.
  • Supply counts are checked every 10 seconds.